 Dungeon Crawl Stone Soup version 0.28.0-43-g3370ac3207 (webtiles) character file.

Game seed: 2316350414494605475

22271 Revguard the Merchant of Misery (level 12, -13/100 HPs)
             Began as a Demonspawn Necromancer on Mar 10, 2022.
             Was a Believer of Kikubaaqudgha.
             Mangled by a +8 long sword (19 damage)
             ... on level 13 of the Dungeon.
             The game lasted 01:10:46 (12790 turns).

Revguard the Merchant of Misery (DsNe)             Turns: 12790, Time: 01:10:46

Health: -13/100    AC: 16    Str: 10      XL:     12   Next: 61%
Magic:  25/25      EV: 19    Int: 18 (19) God:    Kikubaaqudgha [**....]
Gold:   634        SH:  0    Dex: 15      Spells: 9/29 levels left

rFire   . . .      SeeInvis +   J - +5 dagger
rCold   . . .      Faith    .   B - orb {*channel}
rNeg    . . .      Spirit   .   w - +3 leather armour {rPois}
rPois   +          Reflect  .   i - +2 helmet
rElec   +          Harm     .   s - +1 cloak
rCorr   .          Rampage  .   (gloves unavailable)
Will    .....                   h - +0 pair of boots
Stlth   +++.......              l - amulet of regeneration
HPRegen 1.06/turn               n - ring of see invisible
MPRegen 0.19/turn               c - +4 ring of evasion

@: mighty, on berserk cooldown, slowed, invisible, unable to read, very slow
A: icy blue scales 2, powered by pain 2, demonic magic 2, bedeviling, demonic
touch 3, robust 1, electricity resistance, inability to read while threatened,
sturdy frame 1
a: Renounce Religion, Receive Corpses


You were on level 13 of the Dungeon.
You worshipped Kikubaaqudgha.
Kikubaaqudgha was pleased with you.
You visited 2 branches of the dungeon, and saw 14 of its levels.
You also visited: Sewer.

You collected 634 gold pieces.

Inventory:

Hand Weapons
 a - a +3 dagger of venom
 j - a +1 vampiric dagger
 J - a +5 dagger (weapon)
Armour
 h - a +0 pair of boots (worn)
 i - a +2 helmet (worn)
 s - a +1 cloak (worn)
 w - a +3 leather armour of poison resistance (worn)
 B - an orb of energy (worn)
Jewellery
 c - a +4 ring of evasion (right hand)
 l - an amulet of regeneration (around neck)
 n - a ring of see invisible (left hand)
 r - a +6 ring of dexterity
 x - an amulet of reflection
 z - the ring "Kigyprawk" {Fly rElec MP-9 Str+2}
   (You found it on level 5 of the Dungeon)

   [ring of flight]

   Str:       It affects your strength (+2).
   rElec:     It insulates you from electricity.
   MP:        It affects your magic capacity (-9).
   Fly:       It grants you flight.
 C - a ring of ice
 N - an amulet of guardian spirit
Wands
 k - a wand of iceblast (15)
 t - a wand of digging (4)
 v - a wand of acid (18)
 E - a wand of paralysis (5)
 G - a wand of flame (18)
 L - a wand of polymorph (5)
Scrolls
 f - 5 scrolls of teleportation
 m - 5 scrolls of blinking
 u - a scroll of silence
 y - a scroll of enchant armour
 A - a scroll of amnesia
 D - a scroll of fog
 H - 3 scrolls of fear
 I - 6 scrolls of identify
 O - a scroll of enchant weapon
Potions
 b - a potion of haste
 d - 8 potions of curing
 e - 7 potions of magic
 g - 2 potions of attraction
 o - a potion of cancellation
 p - 2 potions of mutation
 M - a potion of berserk rage
Miscellaneous
 K - a phial of floods


   Skills:
 + Level 7.2 Fighting
 + Level 6.4 Short Blades
 + Level 6.5 Armour
 + Level 6.9 Dodging
 + Level 6.2 Stealth
 + Level 9.0 Spellcasting
 + Level 4.6 Hexes
 + Level 9.1 Necromancy
 - Level 3.5 Ice Magic
 * Level 3.8 Earth Magic
 - Level 5.0 Invocations
 + Level 4.8 Evocations


You had 9 spell levels left.
You knew the following spells:

 Your Spells              Type           Power      Damage    Failure   Level
b - Animate Skeleton      Necr           82%        N/A       1%          1
c - Vampiric Draining     Necr           41%        2d8       1%          3
d - Animate Dead          Necr           20%        N/A       1%          4
e - Stone Arrow           Conj/Erth      30%        3d8       12%         3
f - Sublimation of Blood  Necr           41%        N/A       1%          2
g - Inner Flame           Hex/Fire       24%        N/A       11%         3
h - Cause Fear            Hex            18%        N/A       13%         4

Your spell library contained the following spells:

 Spells                   Type           Power      Damage    Failure   Level
 Pain                     Necr           100%       1d9       1%          1
 Sandblast                Erth           44%        2d11      1%          1
 Ensorcelled Hibernation  Hex/Ice        68%        N/A       2%          2
 Passwall                 Tmut/Erth      12%        N/A       6%          2
 Agony                    Necr           41%        N/A       6%          5
 Blink                    Tloc           16%        N/A       14%         2
 Wereblood                Tmut           8%         N/A       14%         2
 Lesser Beckoning         Tloc           8%         N/A       26%         3
 Swiftness                Air            8%         N/A       26%         3
 Animate Armour           Summ/Erth      30%        N/A       38%         4
 Blade Hands              Tmut           4%         N/A       94%         5
 Manifold Assault         Tloc           8%         N/A       94%         5
 Iron Shot                Conj/Erth      7%         9d2       99%         6
 Summon Hydra             Summ           4%         N/A       100%        7
 Discord                  Hex            18%        N/A       100%        8


Dungeon Overview and Level Annotations

Branches:
Dungeon (13/15)            Temple (1/1) D:7            Lair (0/6) D:11
    Orc (0/2) D:12         Vaults (0/5) D:13          Sewer (visited)

Altars:
Ashenzari
Cheibriados
Dithmenos
Elyvilon
Fedhas
Gozag
Hepliaklqana
Kikubaaqudgha
Makhleb
Nemelex Xobeh
Okawaru
Qazlal
Ru
Sif Muna
Trog
Uskayaw
Vehumet
Wu Jian
Xom
Yredelemnul
Zin
The Shining One
Beogh

Shops:
D:12 *   D:13 (


Innate Abilities, Weirdness & Mutations

You are mostly covered in icy blue scales. (AC +3)
You sometimes gain power by taking damage.
Spells you cast may paralyse nearby enemies.
Your hexes are more powerful.
Your touch may irresistibly damage your foes and sap their willpower.
You are robust. (+10% HP)
You are resistant to electric shocks. (rElec)
You sometimes lose the ability to read scrolls when taking damage.
Your movements are slightly less encumbered by armour. (ER -2)


Message History

The +3 long sword hits you but does no damage.
You puncture the +3 long sword!
The +3 long sword falls from the air.
Kikubaaqudgha accepts your kill.
The +8 long sword hits you but does no damage.
You see here a +3 long sword.
You closely miss the +8 long sword. The +8 long sword hits you!
You closely miss the +8 long sword. The +8 long sword hits you!
* * * LOW HITPOINT WARNING * * *
You miss the +8 long sword. The +8 long sword hits you!
* * * LOW HITPOINT WARNING * * *
You focus on the pain.
You feel mightier all of a sudden.
You hit the +8 long sword.
The +8 long sword is lightly damaged.
The +8 long sword hits you!
* * * LOW HITPOINT WARNING * * *
You are too berserk!
You puncture the +8 long sword!
The +8 long sword is moderately damaged.
You hit the +8 long sword but do no damage.
The +8 long sword is moderately damaged.
The +8 long sword hits you!
* * * LOW HITPOINT WARNING * * *
Unknown command.
You feel a strong urge to attack something.
You are no longer berserk.
You are exhausted.
You feel yourself slow down.
The +8 long sword hits you but does no damage. x2
You feel better. The +8 long sword hits you!
* * * LOW HITPOINT WARNING * * *
The +8 long sword misses you.
Press: ? - help, v - describe, . - travel
Here: a +8 long sword (lightly damaged)
The floor.
You fade into invisibility!
The +8 long sword misses you. The +8 long sword hits you!!
You die...
Kikubaaqudgha rasps: "You have failed me!
Welcome... death!"

#.... .....# #.....
#....###...#+###.#...
#......#.....#...#...
#......#.....#...#...
#................#...
#................#...
#.......#.#.....###..
#......#####.........
#...@(..)∩...........
#......#####.........
###.....# .....#####
#.................
#.................
#..........#.
#..........#
#....####### #....


You could see a +8 long sword.

Vanquished Creatures
  A catoblepas (D:13)
  2 hydras
  A dancing weapon (D:13)
  A death yak (D:8)
  A two-headed ogre (D:12)
  A tengu warrior (D:12)
  The ghost of OrdinaryStalker the Martial Artist, a novice DsWn of Okawaru (D:9)
  2 deep elf pyromancers
  5 cyclopes
  2 manticores
  Joseph (D:7)
  An unseen horror (D:12)
  4 kobold demonologists
  A tengu conjurer (D:12)
  A polar bear (D:8)
  6 trolls
  4 slime creatures (D:12)
  3 shadows
  A spriggan (shapeshifter) (D:13)
  2 wraiths
  A vampire (D:10)
  3 wyverns
  Eustachio (D:4)
  11 yaks
  4 vampire mosquitoes
  Edmund (D:5)
  Duvessa (D:7)
  5 orc warriors
  3 ice beasts
  3 black bears (D:6)
  4 sky beasts
  2 wolves (D:8)
  4 centaurs
  2 phantoms (D:6)
  3 bullfrogs
  5 kobold brigands
  Blork the orc (D:5)
  A water moccasin zombie (D:7)
  A wyvern zombie (D:7)
  A scorpion (D:4)
  A gnoll sergeant (D:12)
  A hornet simulacrum (D:8)
  Dowan (D:7)
  12 wights
  4 howler monkeys
  3 centaur zombies
  2 hounds
  3 orc priests
  Crazy Yiuf (D:6)
  A centaur skeleton (D:4)
  A jelly (D:6)
  Ijyb (D:5)
  A bullfrog skeleton (D:6)
  An iguana (D:6)
  Natasha (thrice) (D:4)
  9 orc wizards
  A killer bee zombie (D:5)
  A centaur simulacrum (D:8)
  A hound skeleton (D:5)
  2 howler monkey zombies
  3 gnolls (D:3)
  9 adders
  A howler monkey skeleton (D:6)
  5 river rats (Sewer)
  A shadow imp (D:6)
  3 white imps
  An ufetubus (D:8)
  An adder zombie (D:5)
  3 worms
  31 orcs
  4 bats
  8 endoplasms
  4 giant cockroaches
  6 goblins
  12 hobgoblins
  3 jackals (D:2)
  36 kobolds
  8 ball pythons
  A ball python skeleton (D:3)
  5 frilled lizards
  27 rats
320 creatures vanquished.

Vanquished Creatures (collateral kills)
  A phantom (D:7)
  2 gnolls (D:3)
  An adder (D:2)
  4 orcs
  2 kobolds
10 creatures vanquished.

Vanquished Creatures (others)
  The ghost of fly the Sneak, an amateur FoDe (D:3)
  An orc (D:3)
  2 fungi (D:6)
4 creatures vanquished.

Grand Total: 334 creatures vanquished

Notes
Turn   | Place    | Note
-------+----------+-------------------------------------------
     0 | D:1      | Revguard the Demonspawn Necromancer began the quest for the
                  | Orb.
     0 | D:1      | Reached XP level 1. HP: 13/13 MP: 3/3
   437 | D:1      | Gained mutation: You are partially covered in icy blue
                  | scales. (AC +2) [demonic ancestry]
   437 | D:1      | Reached XP level 2. HP: 16/19 MP: 1/5
   577 | D:1      | Learned a level 1 spell: Animate Skeleton
  1240 | D:2      | Gained mutation: Your touch may inflict minor irresistible
                  | damage on your foes. [demonic ancestry]
  1240 | D:2      | Reached XP level 3. HP: 24/25 MP: 4/6
  1413 | D:2      | Learned a level 3 spell: Vampiric Draining
  1742 | D:2      | Found a faded altar of an unknown god.
  2349 | D:3      | Gained mutation: You sometimes gain a little power by
                  | taking damage. [demonic ancestry]
  2349 | D:3      | Reached XP level 4. HP: 21/31 MP: 2/8
  2433 | D:3      | Reached skill level 1 in Fighting
  2587 | D:3      | Reached skill level 1 in Armour
  2680 | D:3      | Reached skill level 1 in Short Blades
  2831 | D:3      | Found a snail-covered altar of Cheibriados.
  2831 | D:3      | Found a stormy altar of Qazlal.
  2838 | D:3      | Found a sparkling altar of Nemelex Xobeh.
  2894 | D:3      | Found a radiant altar of Vehumet.
  2970 | D:3      | Found a runed translucent gate.
  2970 | D:3      | Found a runed translucent gate.
  2971 | D:3      | Found a runed translucent gate.
  2972 | D:3      | Identified the +7 chain mail of the Lime {Rampage}
  2974 | D:3      | Noticed fly's ghost (amateur FoDe)
  3129 | D:3      | Gained mutation: You sometimes gain power by taking damage.
                  | [demonic ancestry]
  3129 | D:3      | Reached XP level 5. HP: 37/37 MP: 9/9
  3462 | D:3      | Killed fly's ghost
  3638 | D:4      | Noticed Natasha
  3656 | D:4      | Gained mutation: Your touch may inflict irresistible damage
                  | on your foes. [demonic ancestry]
  3656 | D:4      | Reached XP level 6. HP: 9/41 MP: 1/11
  3656 | D:4      | Killed Natasha
  3751 | D:4      | Noticed Natasha
  3756 | D:4      | Killed Natasha
  3836 | D:4      | Reached skill level 5 in Necromancy
  3859 | D:4      | Learned a level 4 spell: Animate Dead
  4016 | D:4      | Noticed Eustachio
  4025 | D:4      | Killed Eustachio
  4026 | D:4      | Gained mutation: Spells you cast may paralyse adjacent
                  | enemies. [demonic ancestry]
  4026 | D:4      | Reached XP level 7. HP: 50/50 MP: 5/13
  4223 | D:4      | Found a glowing drain.
  4232 | Sewer    | Entered a sewer
  4381 | Sewer    | Identified the +4 tower shield of the Imp {Regen+}
  4756 | Sewer    | Gained mutation: You are resistant to electric shocks.
                  | (rElec) [potion of mutation]
  4756 | Sewer    | Gained mutation: You are robust. (+10% HP) [potion of
                  | mutation]
  4756 | Sewer    | Gained mutation: You sometimes lose the ability to read
                  | scrolls when taking damage. [potion of mutation]
  4756 | Sewer    | Gained mutation: Your movements are slightly less
                  | encumbered by armour. (ER -2) [potion of mutation]
  4757 | Sewer    | Reached skill level 5 in Spellcasting
  4757 | Sewer    | Reached skill level 5 in Invocations
  4757 | Sewer    | Reached XP level 8. HP: 62/67 MP: 13/16
  5026 | D:4      | Noticed Natasha
  5030 | D:4      | Killed Natasha
  5185 | D:5      | Entered Level 5 of the Dungeon
  5218 | D:5      | Noticed Edmund
  5227 | D:5      | Killed Edmund
  5325 | D:5      | Noticed Blork the orc
  5327 | D:5      | Reached skill level 5 in Dodging
  5327 | D:5      | Gained mutation: You are mostly covered in icy blue scales.
                  | (AC +3) [demonic ancestry]
  5327 | D:5      | Reached XP level 9. HP: 65/73 MP: 16/18
  5331 | D:5      | Noticed Ijyb
  5334 | D:5      | Killed Blork the orc
  5339 | D:5      | Killed Ijyb
  5504 | D:5      | Identified the ring "Kigyprawk" {Fly rElec MP-9 Str+2}
  5771 | D:5      | Found a hazy altar of Hepliaklqana.
  5856 | D:6      | Reached skill level 5 in Fighting
  6104 | D:6      | Reached skill level 1 in Evocations
  7055 | D:6      | Found a runed translucent door.
  7056 | D:6      | Noticed Crazy Yiuf
  7064 | D:6      | Killed Crazy Yiuf
  7156 | D:7      | Noticed Dowan
  7157 | D:7      | Noticed Duvessa
  7167 | D:7      | Killed Dowan
  7176 | D:7      | Killed Duvessa
  7298 | D:7      | Noticed Joseph
  7317 | D:7      | Killed Joseph
  7318 | D:7      | Gained mutation: Spells you cast may paralyse nearby
                  | enemies. [demonic ancestry]
  7318 | D:7      | Reached XP level 10. HP: 79/81 MP: 6/20
  7420 | D:7      | Found a staircase to the Ecumenical Temple.
  7434 | D:7      | Reached skill level 5 in Short Blades
  7434 | D:7      | Reached skill level 5 in Armour
  7458 | Temple   | Entered the Ecumenical Temple
  7828 | D:7      | Found a shadowy altar of Dithmenos.
  7828 | D:7      | Found a bloodstained altar of Trog.
  7848 | D:7      | Found an ornate altar of the Wu Jian Council.
  8028 | D:8      | Learned a level 3 spell: Stone Arrow
  8207 | D:8      | Noticed a deep elf pyromancer
  8218 | D:8      | Killed a deep elf pyromancer
  8365 | D:8      | Found a shimmering blue altar of Sif Muna.
  8433 | D:8      | Noticed a death yak
  8456 | D:8      | Killed a death yak
  8457 | D:8      | Reached skill level 1 in Earth Magic
  8915 | D:9      | Found an ancient bone altar of Kikubaaqudgha.
  8945 | D:9      | Became a worshipper of Kikubaaqudgha
  9073 | D:9      | Gained mutation: Your hexes are more powerful. [demonic
                  | ancestry]
  9073 | D:9      | Reached XP level 11. HP: 65/88 MP: 22/22
  9225 | D:9      | Learned a level 2 spell: Sublimation of Blood
  9360 | D:9      | Found a runed translucent gate.
  9362 | D:9      | Found a runed translucent gate.
  9362 | D:9      | Found a runed translucent gate.
  9362 | D:9      | Noticed OrdinaryStalker's ghost (novice DsWn)
  9371 | D:9      | Killed OrdinaryStalker's ghost
  9389 | D:9      | Reached skill level 5 in Stealth
  9583 | D:10     | Entered Level 10 of the Dungeon
  9920 | D:10     | Reached * piety under Kikubaaqudgha
  9920 | D:10     | Received a gift from Kikubaaqudgha
 10651 | D:11     | Found a staircase to the Lair.
 10897 | D:11     | You fall into a shaft and drop 1 floor!
 10960 | D:12     | Noticed a two-headed ogre
 10975 | D:12     | Killed a two-headed ogre
 11230 | D:12     | Gained mutation: Your touch may irresistibly damage your
                  | foes and sap their willpower. [demonic ancestry]
 11230 | D:12     | Reached XP level 12. HP: 97/97 MP: 15/24
 11282 | D:12     | Found Efoalaum's Assorted Antiques.
 11307 | D:12     | Learned a level 3 spell: Inner Flame
 11352 | D:12     | Noticed a four-headed hydra
 11367 | D:12     | Killed a four-headed hydra
 11585 | D:12     | Reached ** piety under Kikubaaqudgha
 11682 | D:12     | Noticed a tengu warrior
 11695 | D:12     | Killed a tengu warrior
 11982 | D:12     | Found a staircase to the Orcish Mines.
 12302 | D:13     | Noticed a catoblepas
 12335 | D:13     | Noticed a five-headed hydra
 12341 | D:13     | Killed a five-headed hydra
 12362 | D:13     | Killed a catoblepas
 12413 | D:13     | Found Womneesa's Weapon Shop.
 12606 | D:13     | Learned a level 4 spell: Cause Fear
 12751 | D:13     | Found a gate to the Vaults.
 12784 | D:13     | HP: 1/150 [+8 long sword (10)]
 12789 | D:13     | HP: 4/100 [+8 long sword (8)]
 12790 | D:13     | Mangled by a +8 long sword

Illustrated notes

Levels and vault maps discovered:
D:1:      dpeg_arrival_rhombus, layout_loops_ring, nicolae_figureground_sparkle
D:2:      layout_basic, basic_ecumenical_altar
D:3:      layout_loops_ring, fiery_altar_vehumet,
          chequers_temple_overflow_statue_of_worship,
          biasface_ghost_orc_armoury, minmay_quadrilaterals
D:4:      layout_basic, serial_glass, glass_columns_b, glass_columns_a,
          glass_columns_a, glass_columns_a, glass_columns_a, glass_columns_c,
          cheibrodos_sewer_entry_drain, uniq_natasha, uniq_eustachio
D:5:      layout_rooms, nicolae_hepliaklqana_hippocampus, uniq_blork_the_orc,
          uniq_edmund, uniq_ijyb
D:6:      layout_basic, minmay_bent, uniq_crazy_yiuf_cottage
D:7:      layout_rooms, pdpol_wu_jian_five_deadly_venoms,
          gammafunk_temple_overflow_elements, minmay_temple_entry_water_ring,
          uniq_duvessa, uniq_joseph
D:8:      layout_gridville, led_sif_book, serial_ice, serial_ice_c,
          serial_ice_e, serial_ice_d, serial_ice_o, serial_bayou_pond_a,
          grunt_ministairs_12
D:9:      layout_basic, mainiacjoe_overflow_concentric_impassable,
          ebering_ghost_rock_garden, item_on_display_a
D:10:     layout_loops_corners, good_gods_mini_temple
D:11:     layout_roguey, lair_entry_dummy
D:12:     minmay_octagon_keep, layout_irregular_city, serial_shops, shop,
          elyvilon_altar_5
D:13:     layout_grid_maze, erik_vaults_1, serial_shops, shop_fountains
Temple:   nicolae_temple_figure_zero

Skill      XL: |  1  2  3  4  5  6  7  8  9 10 11 12 |
---------------+-------------------------------------+-----
Stealth        | 2 3 4 5 6 |  6.2
Dodging        | 2 4 5 6 |  6.9
Fighting       | 1 2 4 5 6 7 |  7.2
Armour         | 1 4 5 6 |  6.5
Spellcasting   | 3 4 5 6 7 8 9 |  9.0
Short Blades   | 1 4 5 6 |  6.4
Necromancy     | 5 7 8 9 |  9.1
Hexes          | 3 4 |  4.6
Ice Magic      | 3 |  3.5
Invocations    | 5 |  5.0
Evocations     | 1 2 4 |  4.8
Earth Magic    | 1 3 |  3.8

Action                   |  1- 3 |  4- 6 |  7- 9 | 10-12 || total
-------------------------+-------+-------+-------+-------++-------
Melee: Dagger            |    40 |   128 |   380 |   524 ||  1072
       Touch             |     9 |    28 |    28 |       ||    65
       Punch             |       |     1 |     2 |       ||     3
 Cast: Pain              |    64 |    23 |    80 |    88 ||   255
       Animate Skeleton  |     7 |     7 |     2 |     2 ||    18
       Vampiric Draining |     1 |    15 |    22 |    57 ||    95
       Animate Dead      |       |       |     3 |     4 ||     7
       Stone Arrow       |       |       |       |    16 ||    16
       Sublimation of Bl |       |       |       |     9 ||     9
  Use: Scroll            |     8 |     2 |     7 |     8 ||    25
       Potion            |     1 |     2 |     2 |     9 ||    14
 Stab: Sleeping          |       |     6 |     3 |     3 ||    12
       Paralysed         |       |       |    60 |    92 ||   152
       Petrified         |       |       |       |     1 ||     1
Armor: Robe              |    12 |    34 |    40 |       ||    86
       Leather armour    |       |       |    89 |   183 ||   272
Dodge: Dodged            |    35 |   101 |   391 |   477 ||  1004
